 Dungeon Crawl Stone Soup version 0.29.1-15-g9cfb28693d (webtiles) character file.

Game seed: 7853181778224697608

12676 Psyclone the Nimble (level 11, 0/72 HPs)
             Began as a Deep Elf Conjurer on Sept 29, 2023.
             Was an Initiate of Ashenzari.
             Slain by an orc warrior
             ... wielding a +0 battleaxe
              (17 damage)
             ... on level 1 of the Orcish Mines.
             The game lasted 00:40:46 (14963 turns).

Psyclone the Nimble (Deep Elf Conjurer)            Turns: 14963, Time: 00:40:47

Health: 0/72       AC:  9    Str:  4    XL:     11   Next: 65%
Magic:  12/27      EV: 15    Int: 32    God:    Ashenzari [......]
Gold:   340        SH:  0    Dex: 11    Spells: 5/30 levels left

rFire   . . .      SeeInvis .   l - +11 short sword "Ello" {vorpal, rN+ Int+4}
rCold   . . .      Faith    .   (no shield)
rNeg    + . .      Spirit   .   a - +0 robe
rPois   .          Reflect  .   e - +1 helmet
rElec   .          Harm     .   n - +0 cloak
rCorr   .          Rampage  .   (no gloves)
Will    +....                   (no boots)
Stlth   ++........              (no amulet)
HPRegen 0.22/turn               M - +4 ring of protection
MPRegen 0.20/turn               b - ring of wizardry

@: studying Throwing
A: claws 1, hooves 1, clumsy 1, mutation resistance 1
a: Renounce Religion, Curse Item


You were on level 1 of the Orcish Mines.
You worshipped Ashenzari.
Ashenzari was noncommittal.
You visited 3 branches of the dungeon, and saw 13 of its levels.

You collected 748 gold pieces.
You spent 408 gold pieces at shops.

Inventory:

Hand Weapons
 l - the +11 short sword "Ello" (weapon) {vorpal, rN+ Int+4}
   (You acquired it on level 3 of the Dungeon)

   It inflicts extra damage upon your enemies.
   Int:       It affects your intelligence (+4).
   rN:        It protects you from negative energy.
Missiles
 y - a throwing net {!f}
Armour
 a - a +0 robe (worn)
 e - a +1 helmet (worn)
 n - a +0 cloak (worn)
Magical Staves
 j - a staff of air
 I - a staff of conjuration
Jewellery
 b - a ring of wizardry (right claw)
 f - a ring of willpower
 F - a ring of protection from cold
 M - a +4 ring of protection (left claw)
Wands
 c - a wand of quicksilver (13)
 d - a wand of roots (26)
 k - a wand of digging (6)
 E - a wand of paralysis (7)
 G - a wand of flame (20)
Scrolls
 h - a scroll of teleportation
 i - a scroll of fog
 m - a scroll of enchant weapon {unknown}
 p - 2 scrolls of magic mapping {unknown}
 q - 4 scrolls of noise {unknown}
 r - 2 scrolls of enchant armour {unknown}
 u - a scroll of brand weapon
 B - a scroll of amnesia {unknown}
 C - a scroll of summoning {unknown}
 K - a scroll of vulnerability {unknown}
 L - a scroll of poison {unknown}
Potions
 g - a potion of mutation
 o - 2 potions of might
 s - a potion of curing
 t - 2 potions of ambrosia {unknown}
 v - 3 potions of attraction {unknown}
 w - 2 potions of flight {unknown}
 x - a potion of cancellation {unknown}
 z - a potion of invisibility {unknown}
 A - 3 potions of resistance {unknown}
 D - 4 potions of brilliance
 H - 2 potions of lignification
 J - a potion of haste


   Skills:
 - Level 10.0 Fighting
 - Level 10.0 Dodging
 - Level 2.4 Stealth
 - Level 10.0 Spellcasting
 - Level 10.0 Conjurations
 - Level 10.0 Hexes
 + Level 2.5 Fire Magic


You had 5 spell levels left.
You knew the following spells:

 Your Spells              Type           Power      Damage    Failure   Level
a - Magic Dart            Conj           100%       1d8       1%          1
b - Searing Ray           Conj           100%       2d8       1%          2
c - Conjure Flame         Conj/Fire      54%        6-21      1%          3
d - Fulminant Prism       Conj/Hex       34%        3d16      1%          4
e - Scorch                Fire           64%        2d8       1%          2
f - Flame Wave            Conj/Fire      54%        2d13      1%          4
g - Sticky Flame          Conj/Fire      54%        2d7       1%          4
h - Fireball              Conj/Fire      27%        3d12      2%          5

Your spell library contained the following spells:

 Spells                   Type           Power      Damage    Failure   Level
 Apportation              Tloc           32%        N/A       1%          1
 Freeze                   Ice            64%        1d8       1%          1
 Sandblast                Erth           32%        2d9       1%          1
 Passwall                 Tmut/Erth      13%        N/A       1%          2
 Dazzling Flash           Conj/Hex       100%       N/A       1%          3
 Stone Arrow              Conj/Erth      96%        3d13      1%          3
 Hailstorm                Conj/Ice       48%        3d11      1%          4
 Iskenderun's Mystic Bla  Conj/Tloc      48%        2d11      1%          4
 Iskenderun's Battlesphe  Conj           68%        2d12      1%          5
 Frozen Ramparts          Ice            32%        1d5       3%          3
 Alistair's Intoxication  Tmut/Pois      10%        N/A       32%         5
 Orb of Destruction       Conj           34%        9d10      16%         7
 Conjure Ball Lightning   Conj/Air       24%        3x3d7     24%         6
 Summon Cactus Giant      Summ           8%         N/A       86%         6


Dungeon Overview and Level Annotations

Branches:
Dungeon (11/15) Zot: 24289  Temple (1/1) D:5 Zot: 5926    Lair (0/5) D:8
    Orc (1/2) D:11 Zot: 5988

Altars:
Ashenzari
Cheibriados
Dithmenos
Elyvilon
Fedhas
Gozag
Hepliaklqana
Kikubaaqudgha
Makhleb
Nemelex Xobeh
Okawaru
Qazlal
Ru
Sif Muna
Trog
Uskayaw
Vehumet
Wu Jian
Xom
Yredelemnul
Zin
The Shining One
Jiyva

Shops:
D:6 *   D:9 *

Annotations:
D:3 3 runed translucent doors, Taurus's ghost, amateur MiFi
D:9 3 runed translucent doors, exclusion: downstairs, hawla's ghost, novice MeFE
Orc:1 Snorg


Innate Abilities, Weirdness & Mutations

You have sharp fingernails.
You have large cloven feet.
You are clumsy. (Dex -2)
You are somewhat resistant to further mutation.


Message History

The blast of energy engulfs the orc!!
You kill the orc!
The blast of energy engulfs the orc warrior!!
The orc warrior is severely wounded.
Your fulminant prism crackles loudly.
You hear a shout! x4
Casting: Fulminant Prism (safe; 1% risk of failure)
Confirm with . or Enter, or press ? or * to list all spells.
Aiming: Fulminant Prism (safe; 1% risk of failure)
Press: ? - help, Dir - move target You conjure a prism of explosive energy!
A fulminant prism comes into view.
An orc comes into view. It is wielding a +0 whip.
The orc wizard barely misses you.
Your fulminant prism explodes!
The blast of energy engulfs your fulminant prism!!
Your fulminant prism detonates feebly.
The blast of energy engulfs the ettin!!
The ettin is heavily wounded.
You hear a shout! x4
You now have 15/27 mp.
The ettin attacks as you move away! The ettin barely misses you.
The ettin hits you with a +0 great mace!!
The orc wizard points at you and mumbles some strange words.
The puff of flame misses you. The orc warrior closely misses you.
You see here a +0 dagger.
You take 31 damage, and have 39/72 hp.
MASSIVE DAMAGE!!
Casting: Fulminant Prism (safe; 1% risk of failure)
Confirm with . or Enter, or press ? or * to list all spells.
Aiming: Fulminant Prism (safe; 1% risk of failure)
Press: ? - help, Dir - move target You conjure a prism of explosive energy!
A fulminant prism comes into view.
The ettin hits you with a +0 dire flail!!
* * * LOW HITPOINT WARNING * * *
The ettin closely misses you.
An orc priest comes into view. It is wielding a +0 dagger.
The orc wizard hits you but does no damage.
The orc warrior hits you with a +0 battleaxe!
You die...

..#.......
...#.....
.........
..o....$.##
.o......#.###
.......)T...##
#.....*oo...$#
.......C@.#
>.........#
...........#
..#..##...## .
### ...##
..... .....
.....##


You could see Snorg, an ettin, an orc warrior, an orc priest, an orc wizard
(ally target), an orc and a friendly fulminant prism.

Vanquished Creatures
  A hydra (D:7)
  3 two-headed ogres (D:10)
  Pikel (D:5)
  A manticore (D:7)
  Maurice (D:11)
  A gargoyle (D:7)
  2 unseen horrors (D:11)
  Grinder (D:5)
  4 shadows (D:11)
  A vampire (D:11)
  A wraith (D:10)
  A wyvern (D:8)
  4 vampire mosquitoes (D:11)
  15 yaks
  3 acid dragons
  4 water moccasins
  4 orc warriors
  2 sky beasts
  2 ogres
  A centaur (D:8)
  3 lemures (D:5)
  A phantom (D:5)
  3 kobold brigands
  2 gnoll sergeants
  3 bullfrogs
  A scorpion (D:7)
  10 wights
  5 killer bees (D:9)
  An electric eel (D:9)
  2 howler monkeys
  4 jellies
  2 hounds
  5 orc priests
  A gnoll bouda (D:5)
  Crazy Yiuf (D:2)
  18 orc wizards
  6 ogre zombies (D:11)
  Robin (D:4)
  12 gnolls
  5 adders
  A white imp (D:7)
  A worm (D:3)
  3 dart slugs
  38 orcs
  3 bats
  8 endoplasms
  A giant cockroach (D:2)
  11 hobgoblins
  A jackal (D:3)
  17 kobolds
  6 quokkas
  5 ball pythons
  5 frilled lizards
  18 goblins
  2 goblin skeletons (D:11)
  A goblin zombie (D:11)
  A hobgoblin zombie (D:11)
  An orc skeleton (D:11)
  12 orc zombies (D:11)
  4 rats
  A spectral orc (D:4)
  A fulminant prism (Orc:1)
280 creatures vanquished.

Vanquished Creatures (others)
  64 fulminant prisms
  3 fungi (D:3)
  A plant (D:3)
68 creatures vanquished.

Grand Total: 348 creatures vanquished

Notes
Turn   | Place    | Note
-------+----------+-------------------------------------------
     0 | D:1      | Psyclone the Deep Elf Conjurer began the quest for the Orb.
     0 | D:1      | Reached XP level 1. HP: 10/10 MP: 6/6
   298 | D:1      | Reached XP level 2. HP: 11/15 MP: 2/8
   637 | D:1      | Learned a level 2 spell: Searing Ray
  1319 | D:2      | Found a faded altar of an unknown god.
  1393 | D:2      | Reached skill level 5 in Conjurations
  1393 | D:2      | Reached XP level 3. HP: 19/19 MP: 8/10
  2243 | D:2      | Found a runed translucent door.
  2244 | D:2      | Noticed Crazy Yiuf
  2253 | D:2      | Killed Crazy Yiuf
  2254 | D:2      | Reached XP level 4. HP: 21/24 MP: 2/12
  2663 | D:3      | Reached skill level 5 in Spellcasting
  2741 | D:3      | Found a runed translucent gate.
  2741 | D:3      | Found a runed translucent gate.
  2741 | D:3      | Found a runed translucent gate.
  2741 | D:3      | Noticed a kobold brigand
  2741 | D:3      | Noticed Taurus's ghost (amateur MiFi)
  3227 | D:3      | Identified a scroll of acquirement
  3227 | D:3      | Acquired the +11 short sword "Ello" {vorpal, rN+ Int+4}
  3248 | D:3      | Learned a level 4 spell: Fulminant Prism
  3332 | D:4      | Noticed Robin
  3336 | D:4      | Killed Robin
  3349 | D:4      | Reached XP level 5. HP: 28/28 MP: 6/14
  3349 | D:4      | Reached skill level 5 in Fighting
  3349 | D:4      | Reached XP level 6. HP: 41/41 MP: 6/19
  3851 | D:4      | Found a white marble altar of Elyvilon.
  4046 | D:4      | Found a basalt altar of Yredelemnul.
  4283 | D:4      | Found a burning altar of Makhleb.
  4346 | D:4      | Found a bloodstained altar of Trog.
  4548 | D:5      | Entered Level 5 of the Dungeon
  4572 | D:5      | Reached XP level 7. HP: 40/46 MP: 6/20
  4736 | D:5      | Found a snail-covered altar of Cheibriados.
  4884 | D:5      | Found a staircase to the Ecumenical Temple.
  4893 | Temple   | Entered the Ecumenical Temple
  4969 | D:5      | Noticed Pikel
  4982 | D:5      | Killed Pikel
  4983 | D:5      | Reached XP level 8. HP: 52/52 MP: 14/22
  4985 | D:5      | Noticed Grinder
  4993 | D:5      | Paralysed by Grinder for 5 turns
  5000 | D:5      | Killed Grinder
  5641 | D:5      | Found a broken altar of Ashenzari.
  5646 | D:5      | Became a worshipper of Ashenzari the Shackled
  5681 | D:5      | Found a shimmering altar of Xom.
  6251 | D:6      | Found Gaqot's Assorted Antiques.
  6423 | D:6      | You fall into a shaft and drop 1 floor!
  6441 | D:7      | Gained mutation: You are clumsy. (Dex -2) [potion of
                  | mutation]
  6441 | D:7      | Gained mutation: You are somewhat resistant to further
                  | mutation. [potion of mutation]
  6441 | D:7      | Gained mutation: You have sharp fingernails. [potion of
                  | mutation]
  6441 | D:7      | Gained mutation: You have large cloven feet. [potion of
                  | mutation]
  6441 | D:7      | HP: 2/53 [poisoned by a water moccasin]
  6470 | D:7      | Noticed a six-headed hydra
  6497 | D:7      | Noticed a gargoyle
  6521 | D:7      | Reached XP level 9. HP: 16/57 MP: 14/23
  6751 | D:7      | Noticed a manticore
  6757 | D:7      | Killed a manticore
  6899 | D:7      | Killed a gargoyle
  7357 | D:7      | Found a radiant altar of Vehumet.
  7386 | D:7      | Found an ancient bone altar of Kikubaaqudgha.
  7414 | D:7      | Found a shimmering blue altar of Sif Muna.
  7922 | D:7      | Killed a six-headed hydra
  7923 | D:7      | Reached skill level 10 in Dodging
  7923 | D:7      | Reached XP level 10. HP: 65/65 MP: 9/24
  8792 | D:8      | Found a staircase to the Lair.
  9027 | D:8      | Found a stormy altar of Qazlal.
  9678 | D:9      | Reached skill level 10 in Fighting
  9855 | D:9      | Found a runed translucent gate.
  9855 | D:9      | Found a runed translucent gate.
  9855 | D:9      | Found a viscous altar of Jiyva.
  9855 | D:9      | Found a runed translucent gate.
  9855 | D:9      | Noticed hawla's ghost (novice MeFE)
  9860 | D:9      | Found Sassoogy's Fire Supplies.
  9874 | D:9      | Bought Sif Muna's Almanac of Fire for 408 gold pieces
  9881 | D:9      | Learned a level 3 spell: Conjure Flame
  9884 | D:9      | Learned a level 2 spell: Scorch
  9889 | D:9      | Learned a level 4 spell: Flame Wave
  9894 | D:9      | Learned a level 4 spell: Sticky Flame
  9900 | D:9      | Learned a level 5 spell: Fireball
 10924 | D:10     | Entered Level 10 of the Dungeon
 11037 | D:10     | Reached XP level 11. HP: 31/72 MP: 12/26
 11040 | D:10     | Noticed a two-headed ogre
 11050 | D:10     | Killed a two-headed ogre
 11266 | D:10     | Found a glowing golden altar of the Shining One.
 11289 | D:10     | Reached skill level 10 in Spellcasting
 11616 | D:10     | Noticed a two-headed ogre
 11627 | D:10     | Killed a two-headed ogre
 11628 | D:10     | Reached skill level 10 in Conjurations
 12104 | D:10     | Noticed a two-headed ogre
 12118 | D:10     | Killed a two-headed ogre
 13774 | D:11     | Found a staircase to the Orcish Mines.
 14273 | D:11     | Reached skill level 10 in Hexes
 14490 | D:11     | Reached skill level 1 in Fire Magic
 14657 | D:11     | Noticed Maurice
 14670 | D:11     | Killed Maurice
 14835 | Orc:1    | Entered Level 1 of the Orcish Mines
 14957 | Orc:1    | Noticed Snorg
 14957 | Orc:1    | Noticed an ettin
 14963 | Orc:1    | Slain by an orc warrior

Illustrated notes

Levels and vault maps discovered:
D:1:      psy_arrival_dodecagon, layout_basic
D:2:      layout_basic, basic_ecumenical_altar, kennysheep_crisscross,
          kennysheep_generic_room_9, uniq_crazy_yiuf_cottage
D:3:      minmay_angry_zag, layout_rooms, gammafunk_ghost_nasty_kobolds
D:4:      layout_basic, marbit_many_paths, trog_hazing_becter,
          makhleb_blood_cavern_becter, yredelemnul_forgotten_temple_becter,
          uniq_robin
D:5:      cheibrodos_helix_gallery, layout_basic, lemuel_tele_altar,
          mainiacjoe_overflow_two_lobes, minmay_temple_entry_junction,
          uniq_grinder, uniq_pikel
D:6:      layout_rooms, serial_shops, shop
D:7:      layout_basic, palyth_temple_overflow_mages, minmay_manual_mail
D:8:      layout_cave_pods, nicolae_qazlal_scattered_showers, lair_entry_dummy,
          minmay_misc_feat_tiny, minmay_misc_feat_nine_boxes
D:9:      layout_long_grid, gammafunk_ghost_ooze, serial_glass, glass_columns_c,
          glass_columns_a, glass_columns_a, glass_columns_a, glass_columns_a,
          glass_columns_a, glass_columns_a, glass_columns_b, minivault_14,
          nicolae_shop_fire_sale [nicolae_sub_dead_trees]
D:10:     layout_gridville, mainiacjoe_overflow_concentric_impassable
D:11:     layout_irregular_city, zombieorc1_lemuel, uniq_maurice
Temple:   zaba_magenta_temple
Orc:1:    orc_temple, layout_caves, guppyfry_library_mini, uniq_snorg,
          uniq_erica

Skill      XL: |  1  2  3  4  5  6  7  8  9 10 11 |
---------------+----------------------------------+-----
Spellcasting   | 4 5 8 9 10 | 10.0
Conjurations   | 5 7 8 10 | 10.0
Fighting       | 5 6 7 8 10 | 10.0
Dodging        | 6 7 8 10 | 10.0
Hexes          | 6 10 | 10.0
Fire Magic     | 2 |  2.5
Stealth        | |  2.4

Action                   |  1- 3 |  4- 6 |  7- 9 | 10-12 || total
-------------------------+-------+-------+-------+-------++-------
Melee: Short sword       |       |    17 |     4 |    28 ||    49
       Kick              |       |       |       |     5 ||     5
       Punch             |       |       |       |     1 ||     1
 Cast: Magic Dart        |    55 |    53 |    41 |    67 ||   216
       Searing Ray       |     2 |    17 |    35 |    57 ||   111
       Fulminant Prism   |       |       |    15 |    51 ||    66
       Conjure Flame     |       |       |       |     5 ||     5
       Sticky Flame      |       |       |       |    14 ||    14
  Use: Scroll            |     1 |     5 |       |     7 ||    13
       Potion            |       |     1 |     5 |     1 ||     7
 Stab: Sleeping          |       |     2 |       |     1 ||     3
Armor: Robe              |     1 |     5 |     7 |    23 ||    36
Dodge: Dodged            |     6 |    25 |    17 |   125 ||   173
